 Dungeon Crawl Stone Soup version 0.30-a0-304-gdc4b735fe1 (webtiles) character file.

Game seed: 4964073263171334813

175 sleeves the Shooter (level 5, 0/37 HPs)
             Began as a Human Hexslinger on Oct 21, 2022.
             Succumbed to an adder's poison
             ... on level 4 of the Dungeon.
             The game lasted 00:04:08 (2896 turns).

sleeves the Shooter (Human Hexslinger)              Turns: 2896, Time: 00:04:08

Health: 0/37       AC:  3    Str: 11    XL:     5   Next: 85%
Magic:  6/6        EV: 12    Int: 13    God:
Gold:   146        SH:  0    Dex: 15    Spells: 5/6 levels left

rFire   + . .      SeeInvis .    l - +7 hand axe of Somewhere Else {vorpal, +Blink rN+ Will+}
rCold   + . .      Faith    .    (no shield)
rNeg    + . .      Spirit   .    c - +0 robe
rPois   +          Reflect  .    (no helmet)
rElec   +          Harm     .    (no cloak)
rCorr   +          Rampage  .    (no gloves)
Will    +....                    q - +0 pair of boots
Stlth   +.........               (no amulet)
HPRegen 0.26/turn                (no ring)
MPRegen 0.10/turn                (no ring)

@: lethally poisoned (0 -> -3), resistant
A: no striking features
a: Evoke Blink


You were on level 4 of the Dungeon.
You visited 1 branch of the dungeon, and saw 4 of its levels.

You collected 146 gold pieces.

Inventory:

Hand Weapons
 a - a +1 sling
 l - the +7 hand axe of Somewhere Else (weapon) {vorpal, +Blink rN+ Will+}
   (You found it on level 3 of the Dungeon)

   It inflicts extra damage upon your enemies.
   rN:        It protects you from negative energy.
   +Blink:    It lets you blink.
   Will:      It increases your willpower.
Armour
 c - a +0 robe (worn)
 q - a +0 pair of boots (worn)
   (You found it on level 4 of the Dungeon)
Wands
 k - a wand of polymorph (11)
   (You found it on level 3 of the Dungeon)
Scrolls
 b - 3 scrolls of poison
 d - a scroll of magic mapping {unknown}
 e - 4 scrolls of butterflies {unknown}
 f - 3 scrolls of enchant weapon {unknown}
 g - 3 scrolls of teleportation {unknown}
 h - 3 scrolls of identify {unknown}
 i - a scroll of immolation {unknown}
 m - a scroll of torment {unknown}
 n - a scroll of fear {unknown}
Potions
 j - a potion of heal wounds {unknown}
 p - a potion of attraction {unknown}


   Skills:
 - Level 1.0 Fighting
 + Level 5.6 Ranged Weapons
 - Level 2.0 Dodging
 - Level 1.0 Spellcasting
 - Level 3.0 Hexes


You had 5 spell levels left.
You knew the following spells:

 Your Spells              Type           Power      Damage    Failure   Level
a - Slow                  Hex            32%        N/A       9%          1

Your spell library contained the following spells:

 Spells                   Type           Power      Damage    Failure   Level
 Sandblast                Erth           0%         2d4       28%         1
 Passwall                 Tmut/Erth      0%         N/A       38%         2
 Inner Flame              Hex/Fire       4%         N/A       41%         3
 Portal Projectile        Hex/Tloc       8%         N/A       41%         3
 Stone Arrow              Conj/Erth      0%         3d7       63%         3
 Cause Fear               Hex            4%         N/A       63%         4


Dungeon Overview and Level Annotations

Branches:
Dungeon (4/15)
 Temple: D:4-7

Altars:
Kikubaaqudgha

Shops:
D:3 [


Message History

A hobgoblin is nearby!
A hobgoblin is nearby!
You shoot a sling bullet. The sling bullet hits the hobgoblin!
You kill the hobgoblin!
No target in view!
No target in view!
e - 4 scrolls labelled ZEFRAZ VOED (gained 3) 2 bats come into view.
There are monsters nearby!
There are monsters nearby!
You shoot a sling bullet.
The sling bullet closely misses the bat.
The bat hits you.
You shoot a sling bullet. The sling bullet hits the bat.
You kill the bat!
The bat hits you.
You shoot a sling bullet. The sling bullet hits the bat.
The bat is severely wounded.
The bat completely misses you. The bat hits you but does no damage.
You shoot a sling bullet. The sling bullet misses the bat.
The bat barely misses you.
You shoot a sling bullet.
The sling bullet closely misses the bat.
The bat hits you but does no damage.
You shoot a sling bullet. The sling bullet misses the bat.
The bat hits you. The bat closely misses you.
You shoot a sling bullet. The sling bullet barely misses the bat.
The bat closely misses you.
You shoot a sling bullet. The sling bullet misses the bat.
The bat hits you but does no damage.
You shoot a sling bullet. The sling bullet misses the bat.
The bat closely misses you. The bat completely misses you.
You shoot a sling bullet.
The sling bullet hits the bat but does no damage.
The bat closely misses you. The bat barely misses you.
A bat is nearby!
You shoot a sling bullet. The sling bullet misses the bat.
The bat barely misses you.
You shoot a sling bullet. The sling bullet misses the bat.
The bat closely misses you.
You shoot a sling bullet.
The sling bullet closely misses the bat.
The bat hits you. x2
You shoot a sling bullet. The sling bullet hits the bat.
The bat is moderately wounded.
The bat closely misses you. The bat hits you but does no damage. x2
You shoot a sling bullet. The sling bullet misses the bat.
The bat closely misses you. The bat hits you.
The bat hits you but does no damage.
You shoot a sling bullet.
The sling bullet closely misses the bat.
The bat hits you but does no damage.
A bat is nearby!
A bat is nearby!
You shoot a sling bullet. The sling bullet hits the bat!
You kill the bat!
No target in view!
No target in view!
No target in view!
No target in view!
No target in view!
No target in view!
f - a scroll labelled ZOKLEH TUG LYBB A rat comes into view.
A rat is nearby!
You shoot a sling bullet. The sling bullet hits the rat!
You kill the rat!
No target in view!
You now have 11 gold pieces (gained 5).
You open the door.
Found a faded altar of an unknown god.
There is an open door here.
You open the door.
Found a leather armour.
You see here a rat corpse.
A dart slug comes into view.
You shoot a sling bullet. The sling bullet hits the dart slug.
The dart slug is heavily wounded.
You shoot a sling bullet.
The sling bullet hits the dart slug but does no damage.
The dart slug is heavily wounded.
The dart slug launches a dart at you. The slug dart hits you.
You shoot a sling bullet. The sling bullet hits the dart slug.
The dart slug is severely wounded.
You shoot a sling bullet. The sling bullet hits the dart slug.
The dart slug is almost dead.
The dart slug launches a dart at you. The slug dart hits you.
You shoot a sling bullet. The sling bullet hits the dart slug.
You kill the dart slug!
You have reached level 3!
Your experience leads to an increase in your attributes!
Increase (S)trength, (I)ntelligence, or (D)exterity?
You feel agile. x2
Search for what [? for help]? t You see here a rat corpse.
There is an open door here.
There is a faded altar of an unknown god here.
This altar belongs to (a) Ru, (b) Ignis or (c) Jiyva, but you can't tell which.
Press the corresponding letter to learn more about a god, or press enter to convert or escape to cancel.
Okay, then.
Unknown command.
Press < or > to pray at altars.
Unknown command.
Press < or > to pray at altars.
Unknown command.
Press < or > to pray at altars.
There is an open door here.
You see here a rat corpse.
A ball python comes into view.
A ball python is nearby!
A ball python is nearby!
You shoot a sling bullet.
The sling bullet closely misses the ball python.
You shoot a sling bullet. The sling bullet hits the ball python.
You kill the ball python!
No target in view!
You now have 26 gold pieces (gained 15).
You now have 33 gold pieces (gained 7).
f - 2 scrolls labelled ZOKLEH TUG LYBB (gained 1)
A hobgoblin comes into view.
Found 15 gold pieces.
The hobgoblin shouts!
An endoplasm comes into view.
There are monsters nearby!
There are monsters nearby!
You shoot a sling bullet. The sling bullet hits the endoplasm.
The endoplasm is severely wounded.
You shoot a sling bullet. The sling bullet hits the endoplasm!
You kill the endoplasm!
You shoot a sling bullet. The sling bullet hits the hobgoblin.
The hobgoblin is severely wounded.
The hobgoblin hits you but does no damage.
You shoot a sling bullet.
The sling bullet hits the hobgoblin but does no damage.
The hobgoblin is severely wounded.
The hobgoblin closely misses you.
You shoot a sling bullet. The sling bullet hits the hobgoblin!
You kill the hobgoblin!
No target in view!
No target in view!
You now have 48 gold pieces (gained 15).
g - 2 scrolls labelled QUIRUF DOQA
h - a scroll labelled DENEUR AX ROL You see here a bat skeleton.
You see here a hobgoblin skeleton.
Done exploring.
Done exploring.
Done exploring.
Done exploring.
(D) Dungeon
Where to? (Enter - D:1 @ (x,y), ? - help)
There is a stone staircase leading down here.
You climb downwards.
There is a stone staircase leading up here.
An adder is nearby!
An adder is nearby!
Aiming: Slow (safe; 9% risk of failure)
Press: ? - help, Q - select action, (/) - cycle Shift-Dir - straight line, f - adder
Aim: an adder (asleep, chance to affect: 50%)
Okay, then.
Fire: a) +1 sling
Press: ? - help, Q - select action, (/) - cycle Shift-Dir - straight line, f - adder
Aim: an adder (asleep, 98% to hit)
You shoot a sling bullet. The sling bullet hits the adder.
The adder is moderately wounded.
Casting: Slow (safe; 9% risk of failure)
Confirm with . or Enter, or press ? or * to list all spells.
Aiming: Slow (safe; 9% risk of failure)
Press: ? - help, Shift-Dir - straight line, f/p - adder
Aim: an adder (moderately wounded, chance to affect: 50%)
The adder seems to slow down.
The adder closely misses you.
Fire: a) +1 sling
Press: ? - help, Q - select action, (/) - cycle Shift-Dir - straight line, f/p - adder
Aim: an adder (moderately wounded, slow, 38% to hit)
You shoot a sling bullet. The sling bullet hits the adder!
The adder is almost dead.
The adder closely misses you.
Fire: a) +1 sling
Press: ? - help, Q - select action, (/) - cycle Shift-Dir - straight line, f/p - adder
Aim: an adder (almost dead, slow, 38% to hit)
You shoot a sling bullet. The sling bullet hits the adder!
You kill the adder!
Magic restored.
There is a stone staircase leading up here.
You see here an adder corpse.
As you open the door, it creaks loudly!
Found a stone staircase leading up.
A rat comes into view.
There is an open door here.
A rat is nearby!
You shoot a sling bullet.
The sling bullet hits the rat but does no damage.
You shoot a sling bullet.
The sling bullet closely misses the rat.
A rat is nearby!
A rat is nearby!
You shoot a sling bullet. The sling bullet hits the rat.
You kill the rat!
Found a stone staircase leading down.
Found a stone staircase leading down.
A rat comes into view.
Found 9 gold pieces.
You shoot a sling bullet. The sling bullet hits the rat.
You kill the rat!
h - 2 scrolls labelled DENEUR AX ROL (gained 1)
You now have 57 gold pieces (gained 9).
i - a scroll labelled HYICSY RANINE
Found a dagger.
A goblin comes into view. It is wielding a +0 dagger.
You shoot a sling bullet. The sling bullet hits the goblin.
The goblin shouts!
The goblin is heavily wounded.
You shoot a sling bullet.
The sling bullet barely misses the goblin.
You shoot a sling bullet. The sling bullet hits the goblin.
You kill the goblin!
No target in view!
You see here a +0 dagger.
You see here a +0 dagger.
You open the door.
There is an open door here.
You open the door.
There is an open door here.
A gnoll comes into view. It is wielding a +0 spear.
A gnoll is nearby!
A gnoll is nearby!
You shoot a sling bullet. The sling bullet hits the gnoll.
The gnoll shouts!
The gnoll is moderately wounded.
You shoot a sling bullet.
The sling bullet closely misses the gnoll.
You shoot a sling bullet.
The sling bullet closely misses the gnoll.
A gnoll comes into view. It is wielding a +0 spear.
You shoot a sling bullet.
The sling bullet closely misses the gnoll.
The gnoll shouts!
A gnoll comes into view. It is wielding a +0 whip.
There is a stone staircase leading up here.
Fire: a) +1 sling
Press: ? - help, Q - select action, (/) - cycle Shift-Dir - straight line, f/p - gnoll
Aim: a gnoll, wielding a +0 spear (moderately wounded, 61% to hit)
You shoot a sling bullet. The sling bullet hits the gnoll.
The gnoll is heavily wounded.
Fire: a) +1 sling
Press: ? - help, Q - select action, (/) - cycle Shift-Dir - straight line, f/p - gnoll
Aim: a gnoll, wielding a +0 spear (heavily wounded, 61% to hit)
You shoot a sling bullet. The sling bullet hits the gnoll.
The gnoll is severely wounded.
The gnoll hits you from afar with a +0 spear.
Fire: a) +1 sling
Press: ? - help, Q - select action, (/) - cycle Shift-Dir - straight line, f/p - gnoll
Aim: a gnoll, wielding a +0 spear (severely wounded, 61% to hit)
You shoot a sling bullet.
The sling bullet barely misses the gnoll.
The gnoll barely misses you.
The gnoll hits you from afar with a +0 spear!
The gnoll hits you from afar with a +0 spear.
* * * LOW HITPOINT WARNING * * *
You climb upwards.
There is a stone staircase leading down here.
There is a stone staircase leading down here.
HP restored.
Done exploring.
You climb downwards.
Found a stone staircase leading down.
There is a stone staircase leading up here.
A giant cockroach comes into view.
Found an escape hatch in the floor.
A giant cockroach is nearby!
A giant cockroach is nearby!
You shoot a sling bullet.
The sling bullet hits the giant cockroach.
You kill the giant cockroach!
No target in view!
A ball python comes into view.
A ball python is nearby!
You shoot a sling bullet.
The sling bullet closely misses the ball python.
You shoot a sling bullet.
The sling bullet closely misses the ball python.
You shoot a sling bullet. The sling bullet hits the ball python.
The ball python is moderately wounded.
You shoot a sling bullet. The sling bullet hits the ball python.
You kill the ball python!
No target in view!
A hobgoblin comes into view.
A hobgoblin is nearby!
A hobgoblin is nearby!
You shoot a sling bullet. The sling bullet hits the hobgoblin.
You kill the hobgoblin!
No target in view!
You open the large door.
There is a large open door here.
There is a large open door here.
A rat comes into view.
A rat is nearby!
A rat is nearby!
You shoot a sling bullet. The sling bullet hits the rat.
You kill the rat!
No target in view!
Key pressed, stopping explore.
You pick up a book of Geomancy and begin reading...
You add the spells Sandblast, Passwall and Stone Arrow to your library.
j - a fuming ruby potion You now have 69 gold pieces (gained 12).
You now have 77 gold pieces (gained 8).
A frilled lizard comes into view.
A frilled lizard is nearby!
A frilled lizard is nearby!
You shoot a sling bullet.
The sling bullet hits the frilled lizard.
You kill the frilled lizard!
You see here a staff of cold.
A hobgoblin comes into view.
The hobgoblin shouts!
A hobgoblin is nearby!
You shoot a sling bullet. The sling bullet hits the hobgoblin.
You kill the hobgoblin!
You now have 88 gold pieces (gained 11).
You open the large door.
There is a large open door here.
There is a large open door here.
There is a large open door here.
There is a large open door here.
You open the door.
There is an open door here.
There is an open door here.
You open the door. You open the door.
There is an open door here.
A goblin comes into view. It is wielding a +0 dagger.
A goblin is nearby!
A goblin is nearby!
You shoot a sling bullet. The sling bullet hits the goblin.
You kill the goblin!
A ball python comes into view.
A ball python is nearby!
You shoot a sling bullet. The sling bullet hits the ball python.
The ball python is moderately wounded.
You shoot a sling bullet. The sling bullet hits the ball python.
You kill the ball python!
No target in view!
An adder comes into view.
An adder is nearby!
An adder is nearby!
You shoot a sling bullet. The sling bullet hits the adder.
The adder is lightly wounded.
You shoot a sling bullet. The sling bullet misses the adder.
Casting: Slow (safe; 9% risk of failure)
Confirm with . or Enter, or press ? or * to list all spells.
Aiming: Slow (safe; 9% risk of failure)
Press: ? - help, Shift-Dir - straight line, f/p - adder
Aim: an adder (lightly wounded, chance to affect: 50%)
The adder seems to slow down.
Fire: a) +1 sling
Press: ? - help, Q - select action, (/) - cycle Shift-Dir - straight line, f/p - adder
Aim: an adder (slow, 38% to hit)
You shoot a sling bullet.
The sling bullet closely misses the adder.
Fire: a) +1 sling
Press: ? - help, Q - select action, (/) - cycle Shift-Dir - straight line, f/p - adder
Aim: an adder (slow, 38% to hit)
You shoot a sling bullet. The sling bullet hits the adder!
The adder is heavily wounded.
Fire: a) +1 sling
Press: ? - help, Q - select action, (/) - cycle Shift-Dir - straight line, f/p - adder
Aim: an adder (heavily wounded, slow, 38% to hit)
You shoot a sling bullet. The sling bullet hits the adder.
You kill the adder!
Your Ranged Weapons skill increases to level 4!
You have reached level 4!
You feel stronger.
Magic restored.
You see here a +0 dagger.
A gnoll is nearby!
A gnoll is nearby!
A gnoll is nearby!
You shoot a sling bullet.
The sling bullet hits the gnoll but does no damage.
There is a stone staircase leading down here.
There is a stone staircase leading down here.
Fire: a) +1 sling
Press: ? - help, Q - select action, (/) - cycle Shift-Dir - straight line, f/p - gnoll
Aim: a gnoll, wielding a +0 spear (63% to hit)
You shoot a sling bullet.
The sling bullet barely misses the gnoll.
Casting: Slow (safe; 9% risk of failure)
Confirm with . or Enter, or press ? or * to list all spells.
Aiming: Slow (safe; 9% risk of failure)
Press: ? - help, Shift-Dir - straight line, f/p - gnoll
Aim: a gnoll, wielding a +0 spear (chance to affect: 50%)
The gnoll seems to slow down.
Fire: a) +1 sling
Press: ? - help, Q - select action, (/) - cycle Shift-Dir - straight line, f/p - gnoll
Aim: a gnoll, wielding a +0 spear (slow, 63% to hit)
You shoot a sling bullet. The sling bullet hits the gnoll.
The gnoll is moderately wounded.
You hear a shout!
The gnoll hits you from afar with a +0 spear.
Fire: a) +1 sling
Press: ? - help, Q - select action, (/) - cycle Shift-Dir - straight line, f/p - gnoll
Aim: a gnoll, wielding a +0 spear (moderately wounded, slow, 63% to hit)
You shoot a sling bullet. The sling bullet hits the gnoll.
The gnoll is severely wounded.
The gnoll barely misses you.
Fire: a) +1 sling
Press: ? - help, Q - select action, (/) - cycle Shift-Dir - straight line, f/p - gnoll
Aim: a gnoll, wielding a +0 spear (severely wounded, slow, 63% to hit)
You shoot a sling bullet.
The sling bullet hits the gnoll but does no damage.
The gnoll is severely wounded.
You hear a shout!
The gnoll is no longer moving slowly.
The gnoll hits you from afar with a +0 spear.
Fire: a) +1 sling
Press: ? - help, Q - select action, (/) - cycle Shift-Dir - straight line, f/p - gnoll
Aim: a gnoll, wielding a +0 spear (severely wounded, 63% to hit)
You shoot a sling bullet.
The sling bullet closely misses the gnoll.
The sling bullet hits the gnoll!
The gnoll is heavily wounded.
The gnoll closely misses you.
Fire: a) +1 sling
Press: ? - help, Q - select action, (/) - cycle Shift-Dir - straight line, f/p - gnoll
Aim: a gnoll, wielding a +0 spear (severely wounded, 63% to hit)
You shoot a sling bullet.
The sling bullet hits the gnoll but does no damage.
The gnoll is severely wounded.
The gnoll hits you from afar with a +0 spear. x2
The gnoll throws a stone.
The stone hits you.
* * * LOW HITPOINT WARNING * * *
The gnoll misses you.
You climb downwards.
You hear the sound of rushing water.
There is an entrance to a sewer on this level.
Hurry and find it before the portal rusts away!
Found a quarterstaff.
Found an escape hatch in the ceiling.
Found a stone staircase leading down and a stone staircase leading up.
There is a stone staircase leading up here.
You start resting.
Magic restored.
You start resting.
You hear the slow rusting of a very distant drain.
A bat comes into view.
The bat barely misses you.
Fire: a) +1 sling
Press: ? - help, Q - select action, (/) - cycle Shift-Dir - straight line, f - bat
Aim: a bat (44% to hit)
You shoot a sling bullet. The sling bullet misses the bat.
The bat misses you. The bat hits you but does no damage.
Fire: a) +1 sling
Press: ? - help, Q - select action, (/) - cycle Shift-Dir - straight line, f/p - bat
Aim: a bat (44% to hit)
You shoot a sling bullet.
The sling bullet closely misses the bat.
The bat hits you. The bat hits you but does no damage.
Fire: a) +1 sling
Press: ? - help, Q - select action, (/) - cycle Shift-Dir - straight line, f/p - bat
Aim: a bat (44% to hit)
You shoot a sling bullet.
The sling bullet closely misses the bat.
The bat closely misses you. The bat hits you but does no damage.
Fire: a) +1 sling
Press: ? - help, Q - select action, (/) - cycle Shift-Dir - straight line, f/p - bat
Aim: a bat (44% to hit)
You shoot a sling bullet. The sling bullet hits the bat.
You kill the bat!
There is a stone staircase leading up here.
You climb upwards.
There is a stone staircase leading down here.
HP restored.
You open the door. You open the door.
There is an open door here.
A gnoll is nearby!
A gnoll is nearby!
You shoot a sling bullet. The sling bullet hits the gnoll.
The gnoll is heavily wounded.
You shoot a sling bullet. The sling bullet hits the gnoll.
The gnoll is severely wounded.
The gnoll hits you from afar with a +0 spear.
You shoot a sling bullet.
The sling bullet barely misses the gnoll.
The gnoll completely misses you.
You shoot a sling bullet.
The sling bullet barely misses the gnoll.
The gnoll barely misses you.
You shoot a sling bullet.
The sling bullet hits the gnoll but does no damage.
The gnoll is severely wounded.
The gnoll hits you from afar with a +0 spear.
You shoot a sling bullet.
The sling bullet barely misses the gnoll.
The gnoll misses you.
The gnoll hits you from afar with a +0 spear.
You shoot a sling bullet. The sling bullet hits the gnoll.
The gnoll is almost dead.
The gnoll misses you.
Casting: Slow (safe; 9% risk of failure)
Confirm with . or Enter, or press ? or * to list all spells.
Aiming: Slow (safe; 9% risk of failure)
Press: ? - help, Shift-Dir - straight line, f/p - gnoll
Aim: a gnoll, wielding a +0 spear (almost dead, chance to affect: 50%)
The gnoll seems to slow down.
The gnoll hits you from afar with a +0 spear.
Fire: a) +1 sling
Press: ? - help, Q - select action, (/) - cycle Shift-Dir - straight line, f/p - gnoll
Aim: a gnoll, wielding a +0 spear (almost dead, slow, 63% to hit)
You shoot a sling bullet. The gnoll shouts!
The sling bullet hits the gnoll.
You kill the gnoll!
You shoot a sling bullet. The sling bullet hits the gnoll.
The gnoll is moderately wounded.
You hear a shout!
Casting: Slow (safe; 9% risk of failure)
Confirm with . or Enter, or press ? or * to list all spells.
Aiming: Slow (safe; 9% risk of failure)
Press: ? - help, Shift-Dir - straight line, f/p - gnoll
Aim: a gnoll, wielding a +0 spear and quivering stones (moderately wounded, chance to affect: 50%)
The gnoll seems to slow down.
Fire: a) +1 sling
Press: ? - help, Q - select action, (/) - cycle Shift-Dir - straight line, f/p - gnoll
Aim: a gnoll, wielding a +0 spear and quivering stones (moderately wounded, slow, 63% to hit)
You shoot a sling bullet. The sling bullet hits the gnoll.
The gnoll is heavily wounded.
Fire: a) +1 sling
Press: ? - help, Q - select action, (/) - cycle Shift-Dir - straight line, f/p - gnoll
Aim: a gnoll, wielding a +0 spear and quivering stones (heavily wounded, slow, 63% to hit)
You shoot a sling bullet. The sling bullet hits the gnoll.
The gnoll is severely wounded.
Fire: a) +1 sling
Press: ? - help, Q - select action, (/) - cycle Shift-Dir - straight line, f/p - gnoll
Aim: a gnoll, wielding a +0 spear and quivering stones (severely wounded, slow, 63% to hit)
You shoot a sling bullet.
The sling bullet closely misses the gnoll.
The gnoll hits you from afar with a +0 spear!
Fire: a) +1 sling
Press: ? - help, Q - select action, (/) - cycle Shift-Dir - straight line, f/p - gnoll
Aim: a gnoll, wielding a +0 spear and quivering stones (severely wounded, slow, 63% to hit)
You shoot a sling bullet. The sling bullet hits the gnoll.
The gnoll is severely wounded.
Fire: a) +1 sling
Press: ? - help, Q - select action, (/) - cycle Shift-Dir - straight line, f/p - gnoll
Aim: a gnoll, wielding a +0 spear and quivering stones (severely wounded, slow, 63% to hit)
You shoot a sling bullet. The sling bullet hits the gnoll.
You kill the gnoll!
Fire: a) +1 sling
Press: ? - help, Q - select action, (/) - cycle Shift-Dir - straight line, f - gnoll
Aim: a gnoll, wielding a +0 whip (63% to hit)
You shoot a sling bullet.
The sling bullet barely misses the gnoll.
The gnoll hits you with a +0 whip.
* * * LOW HITPOINT WARNING * * *
Casting: Slow (safe; 9% risk of failure)
Confirm with . or Enter, or press ? or * to list all spells.
Aiming: Slow (safe; 9% risk of failure)
Press: ? - help, Shift-Dir - straight line, f/p - gnoll
Aim: a gnoll, wielding a +0 whip (chance to affect: 50%)
The gnoll seems to slow down.
There is a stone staircase leading up here.
You climb upwards.
There is a stone staircase leading down here.
There is a stone staircase leading down here.
You climb downwards.
There is a stone staircase leading up, spattered with blood here.
Magic restored.
HP restored.
Found an escape hatch in the ceiling.
There is an open door here.
You now have 103 gold pieces (gained 15).
You see here a +2 spectral quarterstaff.
As you open the door, it creaks loudly!
There is an open door here.
There is an open door here.
Items here: ( )) †.
Found an ancient bone altar of Kikubaaqudgha.
A ball python comes into view.
A ball python is nearby!
You shoot a sling bullet. The sling bullet hits the ball python.
You kill the ball python!
No target in view!
b - 2 scrolls of poison (gained 1) Done exploring.
Done exploring.
Done exploring.
(D) Dungeon
Where to? (Enter - D:1 @ (x,y), ? - help)
There is a stone staircase leading down here.
You climb downwards.
You hear the sound of rushing water.
There is an entrance to a sewer on this level.
Hurry and find it before the portal rusts away!
You hear the quick rusting of a very distant drain.
There is a stone staircase leading up here.
k - a wand of polymorph (11)
f - 3 scrolls labelled ZOKLEH TUG LYBB (gained 1)
You see here the +7 hand axe of Somewhere Else {vorpal, +Blink rN+ Will+}.
A goblin comes into view. It is wielding a +2 dagger of venom.
A goblin is nearby!
You shoot a sling bullet. The sling bullet hits the goblin.
The goblin shouts!
The goblin is heavily wounded.
You shoot a sling bullet. The sling bullet hits the goblin.
You kill the goblin!
You see here the +7 hand axe of Somewhere Else {vorpal, +Blink rN+ Will+}.
l - the +7 hand axe of Somewhere Else {vorpal, +Blink rN+ Will+}
l - the +7 hand axe of Somewhere Else (weapon)
{vorpal, +Blink rN+ Will+} You swing at nothing.
You swing at nothing.
You swing at nothing.
Things that are here:
a +2 dagger of venom; a goblin corpse
Found a stone staircase leading down.
You hear the rapid rusting of a very distant drain.
There is a stone staircase leading down here.
m - a scroll labelled TAUF EMILUM
b - 3 scrolls of poison (gained 1)
Found a ring mail.
No target in view!
You hear the rapid rusting of a very distant drain.
Found an escape hatch in the floor.
You see here a +0 ring mail.
An adder comes into view.
An adder is nearby!
An adder is nearby!
You slash the adder!
You kill the adder!
No target in view!
No target in view!
An adder comes into view.
An adder is nearby!
An adder is nearby!
The adder hisses angrily.
You slash the adder!
You kill the adder!
You have reached level 5!
Found Aluih's Armour Boutique.
Found a stone staircase leading down.
There is an entrance to Aluih's Armour Boutique here.
You can access your shopping list by pressing '$'.
You hear the rapid rusting of a very distant drain.
h - 3 scrolls labelled DENEUR AX ROL (gained 1)
You now have 118 gold pieces (gained 15).
You hear the rapid rusting of a very distant drain.
You hear the drain falling apart.
The walls and floor vibrate strangely for a moment.
Found a stone staircase leading up.
There is a stone staircase leading up here.
n - a scroll labelled SAPRAG DALER
g - 3 scrolls labelled QUIRUF DOQA (gained 1)
You see here the +2 robe "Hastas" {rC+}.
You see here the +2 robe "Hastas" {rC+}.
A hobgoblin comes into view.
A hobgoblin is nearby!
A hobgoblin is nearby!
The hobgoblin shouts!
The hobgoblin closely misses you.
You hit the hobgoblin.
You kill the hobgoblin!
No target in view!
A hobgoblin comes into view.
A hobgoblin is nearby!
A hobgoblin is nearby!
Found a pink potion.
The hobgoblin shouts!
The hobgoblin closely misses you.
You slash the hobgoblin!
You kill the hobgoblin!
No target in view!
No target in view!
o - a pink potion A ball python, an adder and 2 giant cockroaches come into view.
The adder hisses angrily.
The ball python hisses angrily.
There are monsters nearby!
A ball python and a giant cockroach come into view.
The ball python hisses angrily.
The ball python moves out of view.
You closely miss the adder. The adder bites you.
You are poisoned.
The adder poisons you! The adder barely misses you.
You hit the adder.
The adder is severely wounded.
You feel sick. The adder misses you.
You slash the adder!
You kill the adder!
You feel sick. The giant cockroach barely misses you.
You hit the giant cockroach.
The giant cockroach is severely wounded.
You feel sick.
The giant cockroach completely misses you.
The giant cockroach bites you.
You hit the giant cockroach.
You kill the giant cockroach!
You feel sick.
You are no longer poisoned.
The giant cockroach barely misses you.
You hit the giant cockroach.
The giant cockroach is severely wounded.
The giant cockroach bites you.
You hit the giant cockroach.
You kill the giant cockroach!
The ball python bites you but does no damage.
The ball python barely misses you.
You hit the ball python.
You kill the ball python!
The giant cockroach bites you but does no damage.
Your Ranged Weapons skill increases to level 5!
You slash the giant cockroach!
You kill the giant cockroach!
The ball python bites you. The ball python grabs you.
The ball python constricts you.
You hit the ball python.
You kill the ball python!
No target in view!
No target in view!
No target in view!
No target in view!
No target in view!
No target in view!
No target in view!
No target in view!
No target in view!
No target in view!
Things that are here:
a giant cockroach corpse; a giant cockroach corpse; an adder corpse You enter the shallow water.
Moving in this stuff is going to be slow.
You open the door.
A ball python and a rat come into view.
The ball python hisses angrily.
You barely miss the ball python. The ball python misses you. x2
The ball python bites you. The ball python barely misses you.
You closely miss the ball python. The ball python closely misses you.
The ball python grabs you. The ball python constricts you.
Your unstable footing causes you to fumble your attack.
The ball python barely misses you. The ball python constricts you.
The ball python bites you but does no damage.
The ball python constricts you.
Your unstable footing causes you to fumble your attack.
The ball python barely misses you. The ball python constricts you.
You slash the ball python!
You kill the ball python!
Your unstable footing causes you to fumble your attack.
The rat misses you.
You slash the rat!
You kill the rat!
No target in view!
No target in view!
No target in view!
No target in view!
No target in view!
No target in view!
No target in view!
No target in view!
No target in view!
No target in view!
No target in view!
No target in view!
HP restored.
You see here a hobgoblin corpse.
Found a chain mail.
There is an escape hatch in the ceiling here.
Done exploring.
Done exploring.
No target in view!
(D) Dungeon
Where to? (Enter - D:3, ? - help)
You see here a +0 quarterstaff.
There is a stone staircase leading down here.
You climb downwards.
Found a fuming inky potion.
There is a stone staircase leading up here.
An endoplasm comes into view.
An endoplasm is nearby!
Found a stone staircase leading up.
The endoplasm hits you but does no damage.
You hit the endoplasm.
The endoplasm is moderately wounded.
The endoplasm closely misses you.
You hit the endoplasm.
You kill the endoplasm!
No target in view!
No target in view!
No target in view!
p - a fuming inky potion
Found 3 stones.
Found a stone staircase leading down.
No target in view!
No target in view!
q - a +0 pair of boots You start putting on your armour.
You continue putting on your +0 pair of boots. x4
You finish putting on your +0 pair of boots.
A quokka comes into view.
A quokka is nearby!
A quokka is nearby!
Found 17 gold pieces.
Found 8 gold pieces.
The quokka bites you but does no damage.
You miss the quokka.
The quokka bites you but does no damage.
You hit the quokka.
The quokka is severely wounded.
The quokka bites you. x2
You hit the quokka.
You kill the quokka!
No target in view!
No target in view!
No target in view!
No target in view!
No target in view!
No target in view!
HP restored.
Found a stone staircase leading up.
You see here a quokka corpse.
You now have 129 gold pieces (gained 11).
You now have 139 gold pieces (gained 10).
You now have 146 gold pieces (gained 7).
An adder comes into view.
An orc comes into view.
It is wielding a +0 falchion and carrying a wand of paralysis (7).
There are monsters nearby!
a - a +1 sling (weapon)
An orc wizard comes into view. It is wielding a +0 dagger.
Unknown command.
Fire: a) +1 sling
Press: ? - help, Q - select action, (/) - cycle Shift-Dir - straight line, f - orc wizard
Aim: an orc wizard, wielding a +0 dagger and wearing a +0 robe (wandering, hasn't noticed you, 51% to hit)
You shoot a sling bullet.
The sling bullet closely misses the orc wizard.
The orc wizard shouts!
You hear a shout!
Casting: Slow (safe; 9% risk of failure)
Confirm with . or Enter, or press ? or * to list all spells.
Aiming: Slow (safe; 9% risk of failure)
Press: ? - help, Shift-Dir - straight line, f/p - orc wizard
Aim: an orc wizard, wielding a +0 dagger and wearing a +0 robe (chance to affect: 41%)
The orc wizard seems to slow down.
An orc comes into view. It is wielding a +0 hand axe.
Fire: a) +1 sling
Press: ? - help, Q - select action, (/) - cycle Shift-Dir - straight line, f/p - orc wizard
Aim: an orc wizard, wielding a +0 dagger and wearing a +0 robe (slow, 51% to hit)
You shoot a sling bullet.
The sling bullet hits the orc wizard but does no damage.
You hear a shout!
You hear an angry hiss.
Fire: a) +1 sling
Press: ? - help, Q - select action, (/) - cycle Shift-Dir - straight line, f/p - orc wizard
Aim: an orc wizard, wielding a +0 dagger and wearing a +0 robe (slow, 51% to hit)
You shoot a sling bullet. The sling bullet hits the orc wizard!
The orc wizard is heavily wounded.
The orc wizard casts a spell at you. You resist with some effort.
Fire: a) +1 sling
Press: ? - help, Q - select action, (/) - cycle Shift-Dir - straight line, f/p - orc wizard
Aim: an orc wizard, wielding a +0 dagger and wearing a +0 robe (heavily wounded, slow, 51% to hit)
You shoot a sling bullet. The sling bullet hits the orc wizard.
The orc wizard is almost dead.
The orc wizard is no longer moving slowly.
An orc comes into view.
It is wielding a +1 short sword of speed.
Fire: a) +1 sling
Press: ? - help, Q - select action, (/) - cycle Shift-Dir - straight line, f/p - orc wizard
Aim: an orc wizard, wielding a +0 dagger and wearing a +0 robe (almost dead, 51% to hit)
You shoot a sling bullet. The sling bullet hits the orc wizard.
You kill the orc wizard!
Fire: a) +1 sling
Press: ? - help, Q - select action, (/) - cycle Shift-Dir - straight line, f - orc
Aim: an orc, wielding a +1 short sword of speed and wearing a +0 leather armour (59% to hit)
You shoot a sling bullet. The sling bullet barely misses the orc.
Fire: a) +1 sling
Press: ? - help, Q - select action, (/) - cycle Shift-Dir - straight line, f/p - orc
Aim: an orc, wielding a +1 short sword of speed and wearing a +0 leather armour (59% to hit)
You shoot a sling bullet.
The sling bullet closely misses the orc.
Fire: a) +1 sling
Press: ? - help, Q - select action, (/) - cycle Shift-Dir - straight line, f/p - orc
Aim: an orc, wielding a +1 short sword of speed and wearing a +0 leather armour (59% to hit)
You shoot a sling bullet. The sling bullet hits the orc.
The orc is moderately wounded.
Fire: a) +1 sling
Press: ? - help, Q - select action, (/) - cycle Shift-Dir - straight line, f/p - orc
Aim: an orc, wielding a +1 short sword of speed and wearing a +0 leather armour (moderately wounded, 59% to hit)
You shoot a sling bullet.
The sling bullet hits the orc but does no damage.
The orc is moderately wounded.
Casting: Slow (safe; 9% risk of failure)
Confirm with . or Enter, or press ? or * to list all spells.
Aiming: Slow (safe; 9% risk of failure)
Press: ? - help, Shift-Dir - straight line, f/p - orc
Aim: an orc, wielding a +1 short sword of speed and wearing a +0 leather armour (moderately wounded, chance to affect: 59%)
The orc seems to slow down.
An orc wizard comes into view. It is wielding a +0 dagger.
The orc closely misses you.
Fire: a) +1 sling
Press: ? - help, Q - select action, (/) - cycle Shift-Dir - straight line, f/p - orc
Aim: an orc, wielding a +1 short sword of speed and wearing a +0 leather armour (lightly wounded, slow, 59% to hit)
You shoot a sling bullet. The orc wizard shouts!
The sling bullet hits the orc.
The orc is heavily wounded.
You hear a shout! x2
The orc hits you with a +1 short sword of speed.
The orc wizard mumbles some strange words.
The orc wizard flickers and vanishes!
Deactivating autopickup; reactivate with Ctrl-A.
There is a stone staircase leading up here.
Fire: a) +1 sling
Press: ? - help, Q - select action, (/) - cycle Shift-Dir - straight line, f/p - orc
Aim: an orc, wielding a +1 short sword of speed and wearing a +0 leather armour (heavily wounded, slow, 59% to hit)
You shoot a sling bullet. The sling bullet hits the orc.
You kill the orc!
The orc zaps a wand.
You suddenly lose the ability to move!
A magic dart appears from out of thin air!
The magic dart hits you!
The orc zaps a wand.
You resist with some effort.
You can move again.
A magic dart appears from out of thin air!
The magic dart hits you!
You climb upwards.
Reactivating autopickup.
There is a stone staircase leading down here.
Unknown command.
HP restored.
Done exploring.
Done exploring.
You see here a +2 dagger of venom.
There is a stone staircase leading down here.
You climb downwards.
A hound comes into view.
The hound moves out of view.
There is a stone staircase leading up here.
An orc is nearby!
You shoot a sling bullet. The sling bullet hits the orc.
The orc is heavily wounded.
You hear an angry hiss.
You are now empty-handed.
Really attack while wielding nothing? [Y]es or [N]o only, please.
Really attack while wielding nothing?
Okay, then.
l - the +7 hand axe of Somewhere Else (weapon)
{vorpal, +Blink rN+ Will+} The orc hits you but does no damage.
You hit the orc.
You kill the orc!
You completely miss the adder. The adder barely misses you.
You hit the adder but do no damage. The adder barely misses you.
The adder closely misses you. The orc wizard closely misses you.
The orc shouts!
You slash the orc wizard!
The orc wizard is almost dead.
You closely miss the adder.
You hear a bark!
The adder closely misses you. The orc wizard casts a spell at you.
The magic dart hits you! The adder misses you.
You closely miss the orc wizard.
The orc wizard is almost dead.
You hit the adder. The adder completely misses you.
The orc wizard closely misses you.
You hit the orc wizard.
You kill the orc wizard!
You closely miss the adder. The adder barely misses you. The adder bites you.
You miss the adder.
The adder is moderately wounded.
You barely miss the orc. The adder bites you but does no damage.
The orc hits you but does no damage. The adder bites you.
You are poisoned.
The adder poisons you! The orc hits you with a +0 falchion.
You are too injured to fight recklessly!
You are too injured to fight recklessly!
You are too injured to fight recklessly!
You completely miss the orc. You completely miss the adder.
You feel sick. The adder bites you. The orc hits you with a +0 falchion.
* * * LOW HITPOINT WARNING * * *
You miss the adder.
The adder is lightly wounded.
You slash the orc!
You kill the orc!
You feel sick. The adder misses you. The adder bites you.
* * * LOW HITPOINT WARNING * * *
You are more poisoned.
The adder poisons you! The hound bites you but does no damage.
You closely miss the adder.
The adder is lightly wounded.
You barely miss the hound.
You feel sick. The hound misses you. The adder bites you.
* * * LOW HITPOINT WARNING * * *
The hound bites you.
* * * LOW HITPOINT WARNING * * *
The adder bites you but does no damage.
You barely miss the adder.
The adder is lightly wounded.
You slash the hound!
You feel sick. The hound barely misses you. The adder barely misses you.
The hound bites you.
* * * LOW HITPOINT WARNING * * *
The adder bites you but does no damage.
Unknown command.
It was a potion of resistance.
You feel protected.
You die...

##...........###...##
#............###.#.##
..#..........##..#..#
#..........##.###.#
#..........<..# #.#
.............#####.##
####.#...............#
#.###h#)..#####...####
.. #@#.{## #.......
..###S#..#######......
.............###......
.................#....
.............#...#.##.
...............#.#..#.
.....[.......†........
..............#.......#
.............#......##


You could see a hound and an adder.

Vanquished Creatures
  2 orc wizards (D:4)
  2 gnolls (D:2)
  5 adders
  A dart slug (D:1)
  3 orcs (D:4)
  6 bats
  2 endoplasms
  5 giant cockroaches
  6 hobgoblins
  2 kobolds (D:1)
  A quokka (D:4)
  12 ball pythons
  2 frilled lizards
  4 goblins
  7 rats
60 creatures vanquished.

Notes
Turn   | Place    | Note
-------+----------+-------------------------------------------
     0 | D:1      | sleeves the Human Hexslinger began the quest for the Orb.
     0 | D:1      | Reached XP level 1. HP: 15/15 MP: 2/2
   170 | D:1      | Reached XP level 2. HP: 20/21 MP: 3/3
   327 | D:1      | Reached skill level 3 in Ranged Weapons
   506 | D:1      | Found a faded altar of an unknown god.
   548 | D:1      | Reached XP level 3. HP: 19/26 MP: 4/4
   947 | D:2      | HP: 9/26 [gnoll/+0 spear (5)]
  1301 | D:2      | Reached skill level 4 in Ranged Weapons
  1301 | D:2      | Reached XP level 4. HP: 32/32 MP: 3/5
  1443 | D:2      | HP: 16/32 [gnoll/stone (1)]
  1534 | D:2      | HP: 15/32 [gnoll/+0 whip (3)]
  1749 | D:2      | Found an ancient bone altar of Kikubaaqudgha.
  1920 | D:3      | Identified the +7 hand axe of Somewhere Else {vorpal,
                  | +Blink rN+ Will+}
  2028 | D:3      | Reached XP level 5. HP: 37/37 MP: 6/6
  2028 | D:3      | Found Aluih's Armour Boutique.
  2331 | D:3      | Identified the +2 robe "Hastas" {rC+}
  2469 | D:3      | Reached skill level 5 in Ranged Weapons
  2785 | D:4      | Paralysed by an orc for 3 turns
  2892 | D:4      | HP: 18/37 [orc/+0 falchion (2)]
  2894 | D:4      | HP: 7/37 [hound (5)]
  2895 | D:4      | HP: 1/37 [hound (5)]
  2896 | D:4      | Succumbed to an adder's poison

Illustrated notes

Levels and vault maps discovered:
D:1:      minmay_arrival_three_doors, layout_rooms,
          shapermc_ecumenical_altar_mp_vishouse, minmay_cupped
D:2:      layout_basic, basic_altar
D:3:      mumra_celtic_spiral_tile, layout_rooms, serial_shops, shop,
          portal_sewer_entry_e
D:4:      layout_rooms, marbit_many_paths, temple_hall, minmay_misc_feat_five,
          nicolae_specific_store, roderic_serpentine_path, uniq_eustachio

Skill      XL: |  1  2  3  4  5 |
---------------+----------------+-----
Ranged Weapons | 3 4 5 |  5.6
Fighting       | |  1.0
Dodging        | |  2.0
Spellcasting   | |  1.0
Hexes          | |  3.0

Action                   |  1- 3 |  4- 6 || total
-------------------------+-------+-------++-------
Melee: Hand axe          |       |    37 ||    37
 Fire: Sling             |   101 |    41 ||   142
 Cast: Slow              |     4 |     6 ||    10
  Use: Potion            |       |     1 ||     1
Armor: Robe              |    16 |    15 ||    31
Dodge: Dodged            |    31 |    40 ||    71

Table legend: (Time is in decaauts)
 A = Elapsed time spent in this place.
 B = Non-inter-level travel time spent in this place.
 C = Inter-level travel time spent in this place.
 D = Time resting spent in this place.
 E = Time spent auto-exploring this place.
 F = Levels seen in this place.
 G = Mean time per level.
                   A        B        C        D        E       F      G
               +--------+--------+--------+--------+--------+-----+--------+
         Total |   2942 |   2827 |    115 |     50 |   2316 |   4 |  735.5 |
       Dungeon |   2942 |   2827 |    115 |     50 |   2316 |   4 |  735.5 |
               +--------+--------+--------+--------+--------+-----+--------+

Top non-repeatable levels by time:
     D:2: 1055 daAuts
     D:3: 944 daAuts
     D:1: 807 daAuts
     D:4: 134 daAuts
